 Dungeon Crawl Stone Soup version 0.27.1-4-g1640c2035a (webtiles) character file.

Game seed: 2618730222046216381

134 adizb the Grave Robber (level 4, -1/30 HPs)
             Began as a Mummy Necromancer on Nov 14, 2021.
             Slain by Ijyb (2 damage)
             ... while paralysed by Ijyb
             ... on level 3 of the Dungeon.
             The game lasted 00:19:43 (1549 turns).

adizb the Grave Robber (Mummy Necromancer)          Turns: 1549, Time: 00:19:44

Health: -1/30      AC:  2    Str: 11    XL:     4   Next: 95%
Magic:  1/9        EV:  2    Int: 15    God:
Gold:   80         SH:  0    Dex: 12    Spells: 6/10 levels left

rFire    x . .     SeeInvis .   i - +1 trident (flame)
rCold    + . .     Faith    .   (no shield)
rNeg     + + +     Spirit   .   a - +0 robe
rPois    ∞         Reflect  .   (no helmet)
rElec    .         Harm     .   (no cloak)
rCorr    .         Rampage  .   (no gloves)
Will     .....                  (no boots)
Stlth    ++........             (no amulet)
HPRegen  0.10/turn              (no ring)
MPRegen  0.11/turn              (no ring)

@: paralysed, about to teleport
A: cold resistance 1, negative energy resistance 3, torment resistance 2, heat
vulnerability 1, no potions
a: no special abilities


You were on level 3 of the Dungeon.
You visited 1 branch of the dungeon, and saw 3 of its levels.

You collected 80 gold pieces.

Inventory:

Hand Weapons
 g - a +2 dagger of venom
 i - a +1 trident of flaming (weapon)
Armour
 a - a +0 robe (worn)
 e - a +0 tower shield
Wands
 h - a wand of digging (3)
Scrolls
 c - a scroll of enchant weapon {unknown}
 d - a scroll of identify {unknown}
 f - a scroll of acquirement {unknown}


   Skills:
 + Level 2.0 Dodging
 - Level 1.5 Stealth
 + Level 0.8 Shields
 * Level 3.8 Spellcasting
 + Level 1.2 Hexes
 * Level 4.9 Necromancy
 + Level 1.0 Invocations


You had 6 spell levels left.
You knew the following spells:

 Your Spells              Type           Power      Damage    Failure   Level
a - Pain                  Necr           68%        1d7       2%          1
b - Vampiric Draining     Necr           8%         2d7       8%          3

Your spell library contained the following spells:

 Spells                   Type           Power      Damage    Failure   Level
 Animate Skeleton         Necr           34%        N/A       2%          1
 Animate Dead             Necr           8%         N/A       24%         4
 Agony                    Necr           17%        N/A       56%         5


Dungeon Overview and Level Annotations

Branches:
Dungeon (3/15)

Altars:

Annotations:
D:3 Ijyb, Robin


Innate Abilities, Weirdness & Mutations

You are immune to poison.
Your flesh is cold resistant. (rC+)
You are immune to negative energy. (rN+++)
You are immune to unholy pain and torment.
You are vulnerable to heat. (rF-)
You do not drink.


Message History

Ijyb closely misses you.
You hit Ijyb. You burn Ijyb.
Ijyb is almost dead.
Ijyb drinks a potion.
Ijyb is healed!
You barely miss Ijyb.
Ijyb is severely wounded.
Ijyb closely misses you.
You closely miss Ijyb.
Ijyb is severely wounded.
Ijyb drinks a potion.
Ijyb is healed!
Ijyb closely misses you.
You hit Ijyb but do no damage.
Ijyb is moderately wounded.
Ijyb zaps a wand.
You suddenly lose the ability to move!
Ijyb zaps a wand.
You shrug off the repeated paralysis!
Ijyb hits you with a +0 club. Ijyb hits you with a +0 club.
Ijyb zaps a wand.
You shrug off the repeated paralysis!
Ijyb hits you with a +0 club.
You can move again.
Aiming: Vampiric Draining (quite dangerous; 8% risk of failure)
Press: ? - help, Q - select action, (/) - cycle Shift-Dir - straight line, f/p - Ijyb
Aim: Ijyb, wielding a +0 club, wearing a +0 leather armour and carrying a wand of paralysis (4) (moderately wounded)
You draw life force from Ijyb.
You feel life coursing into your body. Ijyb hits you with a +0 club.
You hit Ijyb. You burn Ijyb.
Ijyb is severely wounded.
Ijyb hits you with a +0 club.
* * * LOW HITPOINT WARNING * * *
You hit Ijyb. You burn Ijyb.
Ijyb is severely wounded.
Ijyb hits you with a +0 club.
* * * LOW HITPOINT WARNING * * *
Ijyb hits you with a +0 club.
* * * LOW HITPOINT WARNING * * *
As you read the scroll of teleportation, it crumbles to dust.
You feel strangely unstable. Ijyb barely misses you.
Ijyb zaps a wand.
You suddenly lose the ability to move!
Ijyb screams, "Level is mine!
All mine!"
Ijyb hits you with a +0 club.
You die...

O. ..... #.# .
.g..# # #>#
#.#...####.##.#
.#...#.gg:...###
....# #...#
#.?.# #.#.# #.#
#.#.# ######.#
#g..# ......)#
#.#####@###
######.#
#.......# #.#
###.##.## #.#
#.# #.# # #.#
#.# #.##)#####
#.# #.......<#
#.# ####.###.#
#O# #.# #.#


You could see Ijyb.

Vanquished Creatures
  A centaur skeleton (D:3)
  5 adders
  A dart slug (D:3)
  An orc (D:3)
  7 bats
  5 endoplasms
  3 giant cockroaches
  9 goblins
  2 hobgoblins
  3 jackals (D:1)
  2 quokkas (D:2)
  5 ball pythons
  2 frilled lizards
  4 kobolds
  5 rats
55 creatures vanquished.

Notes
Turn   | Place    | Note
-------+----------+-------------------------------------------
     0 | D:1      | adizb the Mummy Necromancer began the quest for the Orb.
     0 | D:1      | Reached XP level 1. HP: 13/13 MP: 4/4
   162 | D:1      | Reached XP level 2. HP: 15/19 MP: 0/6
   392 | D:1      | You fall into a shaft and drop 1 floor!
   655 | D:1      | Reached XP level 3. HP: 24/24 MP: 4/7
   880 | D:2      | Reached skill level 1 in Hexes
  1016 | D:2      | Learned a level 3 spell: Vampiric Draining
  1058 | D:2      | Reached XP level 4. HP: 20/30 MP: 9/9
  1112 | D:3      | Noticed an ogre
  1190 | D:3      | Identified the +4 helmet of the Shore {rC- Str+3 Slay+2}
  1190 | D:3      | Noticed Robin
  1434 | D:3      | Reached skill level 1 in Invocations
  1521 | D:3      | Noticed Ijyb
  1528 | D:3      | Paralysed by Ijyb for 3 turns
  1537 | D:3      | Paralysed by Ijyb for 6 turns
  1545 | D:3      | HP: 1/30 [Ijyb (3)]
  1547 | D:3      | Paralysed by Ijyb for 6 turns
  1549 | D:3      | Slain by Ijyb

Illustrated notes

Levels and vault maps discovered:
D:1:      sevenhm_arrival_forest_fort_small_1, layout_loops_ring,
          hellmonk_ecumenical_altar_arch_garden, serial_bayou_pond_e,
          kennysheep_crisscross, st_stairs_10
D:2:      layout_rooms, nrook_mini_backslash, minmay_misc_feat_pillars,
          minmay_box_of_dots
D:3:      layout_loops_ring, uniq_ijyb, uniq_robin

Skill      XL: |  1  2  3  4 |
---------------+-------------+-----
Spellcasting   | 3 |  3.8
Hexes          | 1 |  1.2
Dodging        | 2 |  2.0
Invocations    | 1 |  1.0
Stealth        | |  1.5
Shields        | |  0.8
Necromancy     | |  4.9

Action                   |  1- 3 |  4- 6 || total
-------------------------+-------+-------++-------
Melee: Dagger            |    31 |    12 ||    43
       Trident           |       |    26 ||    26
 Cast: Pain              |    60 |    17 ||    77
       Vampiric Draining |       |     4 ||     4
  Use: Scroll            |       |     2 ||     2
 Stab: Sleeping          |     1 |       ||     1
Armor: Robe              |     6 |    14 ||    20
Dodge: Dodged            |    29 |    34 ||    63
